 Dungeon Crawl Stone Soup version 0.18-a0-846-g91b95b1 (webtiles) character file.

1700 4thArraOfDagon the Chopper (level 8, -8/96 HPs)
             Began as a Demonspawn Berserker on Dec 20, 2015.
             Was a Priest of Trog.
             Mangled by an orc warrior
             ... wielding a +0 hand axe
              (11 damage)
             ... on level 8 of the Dungeon.
             The game lasted 00:08:53 (1837 turns).

4thArraOfDagon the Chopper (Demonspawn Berserker)   Turns: 1837, Time: 00:08:53

Health: -8/96      AC: 11    Str: 23    XL:     8   Next: 73%
Magic:  10/10      EV:  9    Int: 10    God:    Trog [***...]
Gold:   102        SH:  0    Dex: 13    Spells: 0 memorised, 7 levels left

rFire  . . .     SeeInvis .     h - +1 hand axe (flame)
rCold  . . .     Gourm    .     i - +0 chain mail
rNeg   . . .     Faith    .     (no shield)
rPois  .         Spirit   .     (helmet restricted)
rElec  .         Dismiss  .     (no cloak)
rCorr  .         Reflect  .     (no gloves)
SustAt .         Harm     .     (no boots)
MR     .....                    (no amulet)
Stlth  ..........               (no ring)
                                (no ring)

@: berserking, very quick, not resistant to hostile enchantments, extremely
unstealthy
A: horns 1, yellow scales 1, nightstalker 2, powered by death 1
a: Berserk, Trog's Hand, Burn Spellbooks, Renounce Religion


You were on level 8 of the Dungeon.
You worshipped Trog.
Trog was most pleased with you.
You were not hungry.

You visited 1 branch of the dungeon, and saw 8 of its levels.
You also visited: Ossuary.

You collected 102 gold pieces.

Inventory:

Hand Weapons
 h - a +1 hand axe of flaming (weapon)
Armour
 i - a +0 chain mail (worn)
Rods
 w - a +0 rod of clouds (12/12)
   (You found it on level 6 of the Dungeon)
Scrolls
 d - a scroll of fear
 e - 2 scrolls of teleportation {unknown}
 l - 5 scrolls of remove curse
 n - 2 scrolls of noise {unknown}
 o - 4 scrolls of random uselessness {unknown}
 r - 3 scrolls of immolation {unknown}
 y - a scroll of blinking
Potions
 a - 6 potions of poison {unknown}
 b - 2 potions of agility {unknown}
 f - a potion of heal wounds
 g - 2 potions of might {unknown}
 j - 2 potions of berserk rage
 k - 2 potions of lignification
 p - 2 potions of degeneration {unknown}
 q - 2 potions of curing {unknown}
 s - a potion of mutation {unknown}
 t - 2 potions of flight {unknown}
 x - 2 potions of invisibility {unknown}
Books
 A - a book of the Dragon

   Spells                             Type                      Level
   a - Flame Tongue                   Conjuration/Fire             1
   b - Cause Fear                     Hexes                        4
   c - Bolt of Fire                   Conjuration/Fire             6
   d - Dragon Form                    Transmutation                7
   e - Dragon's Call                  Summoning                    9
   Trog disapproves of the use of such an item.
Comestibles
 c - 3 bread rations
 u - 2 fruits
 v - 6 chunks of flesh
 z - a beef jerky


   Skills:
 + Level 5.8 Fighting
 * Level 7.6 Axes
 + Level 5.1 Armour
 - Level 1.7 Dodging
 + Level 3.0 Evocations


You had 7 spell levels left.
You didn't know any spells.

Dungeon Overview and Level Annotations

Branches:
Dungeon (8/15)
 Temple: D:4-7         Lair: D:8-11

Altars:
Ashenzari
Elyvilon
Kikubaaqudgha
Qazlal
The Shining One

Annotations:
D:4 Sigmund; cireshan's ghost, amateur DECj


Innate Abilities, Weirdness & Mutations

You have a pair of small horns on your head.
You are partially covered in yellow scales (AC +2).
You are significantly more attuned to the shadows.
You regenerate a little health from kills.


Message History

The troll closely misses you. The troll claws you.
* * * LOW HITPOINT WARNING * * *
The troll barely misses you.
Unknown command.
Your chain mail prevents you from hitting the orc warrior.
The orc warrior is severely wounded.
You slash the troll! You burn the troll.
The troll is heavily wounded.
The orc warrior hits you with a hand axe!
* * * LOW HITPOINT WARNING * * *
Unknown command.
Unknown command.
Unknown command.
Unknown command.
You completely miss the orc warrior.
The orc warrior is severely wounded.
You barely miss the troll.
The troll is heavily wounded.
The orc warrior hits you with a hand axe!
You die...

#.o#### ##....###
#....O. #......##
#o....% #..#....#
#O##########..##...##
#.............# #...#.
#.o)..........# #...#.
#(.###############..##
#...o...........)....#
#..oT@..........).(..'
######################
#.........# #....
#.......# ##... #.....#
#... #...# #... ##†##
#... #.###########.
##########.#......####.


You could see a troll, an orc warrior (berserk) and an orc.

Vanquished Creatures
  Psyche (D:8)
  3 hippogriffs (D:8)
  An ogre (D:8)
  A phantom (D:6)
  A centaur (D:6)
  2 giant frogs
  A wight (D:8)
  3 crimson imps
  A centaur zombie (D:7)
  An orc priest (D:6)
  2 giant frog skeletons
  2 hounds (D:4)
  An orc wizard (D:6)
  Jessica (D:2)
  2 worker ants
  2 hound zombies (D:8)
  4 mummies (Ossuary)
  4 adders
  3 shadow imps (D:6)
  An ooze (D:3)
  A worm (D:3)
  An adder skeleton (D:6)
  7 orcs
  3 bats
  3 goblins
  4 hobgoblins
  6 jackals
  2 kobolds
  A quokka (D:7)
  6 giant geckos
  2 gnoll zombies (Ossuary)
  A goblin zombie (Ossuary)
  An orc zombie (Ossuary)
  6 rats
81 creatures vanquished.

Notes
Turn   | Place    | Note
--------------------------------------------------------------
     0 | D:1      | 4thArraOfDagon the Demonspawn Berserker began the quest for the Orb.
     0 | D:1      | Reached XP level 1. HP: 18/18 MP: 1/1
   103 | D:1      | Gained mutation: You regenerate a little health from kills. [demonic ancestry]
   103 | D:1      | Reached XP level 2. HP: 8/24 MP: 2/2
   174 | D:2      | Noticed Jessica
   208 | D:2      | Killed Jessica
   208 | D:2      | Gained mutation: You are slightly more attuned to the shadows. [demonic ancestry]
   208 | D:2      | Reached XP level 3. HP: 29/29 MP: 3/3
   331 | D:4      | Noticed Sigmund
   331 | D:4      | Noticed cireshan's ghost (amateur DECj)
   343 | D:3      | Reached ** piety under Trog
   409 | D:3      | Gained mutation: You are significantly more attuned to the shadows. [demonic ancestry]
   409 | D:3      | Reached XP level 4. HP: 35/35 MP: 4/4
   500 | D:4      | Reached skill level 4 in Axes
   541 | D:4      | Reached XP level 5. HP: 41/41 MP: 5/5
   592 | D:5      | Entered Level 5 of the Dungeon
   607 | D:5      | Gained mutation: You have a pair of small horns on your head. [demonic ancestry]
   607 | D:5      | Reached XP level 6. HP: 48/48 MP: 6/6
   631 | D:4      | Found a stormy altar of Qazlal.
   675 | D:5      | Reached skill level 5 in Axes
   694 | D:5      | Found a glowing golden altar of the Shining One.
   848 | D:6      | Reached XP level 7. HP: 55/55 MP: 7/7
   947 | D:6      | Reached skill level 6 in Axes
   964 | D:6      | Found a sand-covered staircase.
   968 | Ossuary  | Entered an ossuary
  1219 | D:7      | Found a white marble altar of Elyvilon.
  1306 | D:7      | Found a shattered altar of Ashenzari.
  1319 | D:7      | Found an ancient bone altar of Kikubaaqudgha.
  1377 | D:6      | Identified a +0 rod of clouds (12/12) (You found it on level 6 of the Dungeon)
  1508 | D:8      | Noticed Psyche
  1514 | D:8      | Killed Psyche
  1514 | D:8      | Reached skill level 5 in Fighting
  1514 | D:8      | Reached skill level 1 in Evocations
  1514 | D:8      | Gained mutation: You are partially covered in yellow scales (AC +2). [demonic ancestry]
  1514 | D:8      | Reached XP level 8. HP: 33/62 MP: 7/9
  1574 | D:8      | Reached skill level 7 in Axes
  1791 | D:8      | Reached *** piety under Trog
  1791 | D:8      | Reached skill level 5 in Armour
  1829 | D:8      | Noticed a troll
  1836 | D:8      | HP: 2/96 [orc warrior/hand axe (16)]
  1837 | D:8      | Mangled by an orc warrior

Vault maps used:
D:1:      lightli_arrival_isolated_outpost, minivault_19
D:2:      first_bread, uniq_jessica
D:4:      wad_lake_hut, grunt_qazlal_sundering, uniq_edmund, uniq_sigmund
D:5:      kennysheep_mini, grunt_dithmenos_smoke, xom_butterflies,
          minmay_temple_entry_poolview, amalloy_card_club
D:6:      nicolae_ossuary_entry_plus, minmay_ruffians, uniq_crazy_yiuf_cottage
D:7:      grunt_temple_overflow_lords_of_destruction, lemuel_doored_altar,
          grunt_temple_overflow_open
D:8:      minmay_quarter_circles, yredelemnul_altar_generic,
          due_lair_maze_entry_diamond, serial_shops,
          nicolae_shop_overgrown_old_shop, makhleb_blood_cavern_becter,
          uniq_psyche
Ossuary:  ossuary_crypta

Action                   |  1- 3 |  4- 6 |  7- 9 || total
-------------------------+-------+-------+-------++-------
Melee: Hand axe          |    58 |    64 |   125 ||   247
Throw: Throwing net      |       |       |     1 ||     1
Invok: Berserk           |     4 |     5 |     6 ||    15
       Trog's Hand       |       |       |     2 ||     2
  Use: Scroll            |       |     6 |       ||     6
 Stab: Sleeping          |     1 |       |       ||     1
  Eat: Chunk             |     2 |     6 |     5 ||    13
       Meat ration       |       |       |     1 ||     1
